 Dungeon Crawl Stone Soup version 0.17-a0-1368-g6ab37f2 (webtiles) character file.

680 Ladykiller69 the Chopper (level 7, 0/54 HPs)
             Began as a Formicid Fighter on June 12, 2015.
             Slain by Joseph
             ... wielding a +1 quarterstaff of crushing
              (2 damage)
             ... on level 8 of the Dungeon.
             The game lasted 00:18:01 (6086 turns).

Ladykiller69 the Chopper (Formicid Fighter)         Turns: 6086, Time: 00:18:02

Health: 0/54       AC: 12    Str: 28    XL:     7   Next: 92%
Magic:  7/7        EV:  6    Int:  7    God:
Gold:   84         SH: 11    Dex: 10    Spells: 0 memorised, 6 levels left

rFire  . . .     SeeInvis +     a - +0 war axe
rCold  . . .     Clarity  .     I - +0 plate armour
rNeg   . . .     SustAt   .     c - +0 shield
rPois  .         Gourm    .     (helmet unavailable)
rElec  .         Spirit   .     o - +0 cloak
rCorr  .         Warding  .     (no gloves)
rMut   .         Stasis   +     (no boots)
MR     .....                    (no amulet)
Stlth  ..........               (no ring)
                                (no ring)

@: mighty, not resistant to hostile enchantments, extremely unstealthy
A: permanent stasis, dig shafts and tunnels, four strong arms, antennae 3
a: Dig, Shaft Self


You were on level 8 of the Dungeon.
You were hungry.

You visited 2 branches of the dungeon, and saw 9 of its levels.

You collected 286 gold pieces.
You spent 202 gold pieces at shops.

Inventory:

Hand weapons
 a - a +0 war axe (weapon)
Missiles
 u - 6 tomahawks (quivered)
Armour
 b - a +0 scale mail
 c - a +0 shield (worn)
 o - a +0 cloak (worn)
 I - a +0 plate armour (worn)
Jewellery
 f - an uncursed ring of ice {unknown}
 t - an uncursed ring of ice {unknown}
 y - a +1 ring of protection {unknown}
 B - an uncursed ring of protection from cold {unknown}
 K - a +5 ring of protection {unknown}
Scrolls
 g - 6 scrolls of magic mapping
 h - 3 scrolls of fear
 i - 6 scrolls of identify
 j - 3 scrolls of remove curse {unknown}
 m - 2 scrolls of blinking {unknown}
 n - 2 scrolls of enchant armour
 q - a scroll of fog {unknown}
 s - a scroll of immolation {unknown}
 z - a scroll of noise {unknown}
 A - a scroll of random uselessness {unknown}
 D - a scroll of enchant weapon {unknown}
 G - a scroll of acquirement {unknown}
Potions
 d - a potion of might
 k - a potion of mutation {unknown}
 p - 2 potions of curing {unknown}
 r - a potion of agility
 w - a potion of haste {unknown}
 F - a potion of degeneration {unknown}
 H - a potion of magic {unknown}
 J - a potion of ambrosia {unknown}
Comestibles
 e - 5 bread rations
 l - a royal jelly
 v - a meat ration
 x - a fruit


   Skills:
 - Level 4.0 Fighting
 * Level 6.6 Axes
 - Level 4.0 Armour
 + Level 6.0 Shields


You had 6 spell levels left.
You didn't know any spells.

Dungeon Overview and Level Annotations

Branches:
Dungeon (8/15)             Temple (1/1) D:5
   Lair: D:8-11

Altars:
Ashenzari
Dithmenos
Fedhas
Gozag
Kikubaaqudgha
Makhleb
Nemelex Xobeh
Okawaru
Qazlal
Ru
Sif Muna
Trog
Vehumet
Xom
Yredelemnul
Zin
The Shining One

Shops:
D:5 }   D:7 ?

Annotations:
D:4 wvc's ghost, average DrWn
D:5 2 runed doors
D:8 Erica; Grum; Joseph


Innate Abilities, Weirdness & Mutations

You are under a permanent stasis effect.
You can dig through walls and to a lower floor.
Your four strong arms can wield two-handed weapons with a shield.
You have a pair of large antennae on your head (SInv).


Message History

Joseph hits you but does no damage.
You slash Joseph!
Joseph is heavily wounded.
You block Joseph's attack.
You slash Joseph!
Joseph is severely wounded.
Joseph hits you with an uncursed quarterstaff of crushing!
* * * LOW HITPOINT WARNING * * *
x2 You hit Joseph.
Joseph is severely wounded.
Joseph hits you with an uncursed quarterstaff of crushing.
* * * LOW HITPOINT WARNING * * *
x2 You closely miss Joseph.
Joseph is severely wounded.
Joseph drinks a potion.
Joseph suddenly seems more agile.
You closely miss Joseph.
Joseph is severely wounded.
Joseph hits you with an uncursed quarterstaff of crushing!
* * * LOW HITPOINT WARNING * * *
You die...

###
..#
#.#
#.#
#.#
####.#
#@#..#
##@#<#
###.#
#@#
#.#
#.#
..#
###


You could see Joseph.

Vanquished Creatures
  A wolf (D:7)
  An ogre (D:7)
  A scorpion (D:7)
  4 hounds
  2 iguanas
  2 worker ants
  7 adders
  3 gnolls (D:2)
  A shadow imp (D:5)
  An ooze (D:3)
  An adder zombie (D:7)
  2 worms (D:2)
  4 giant geckos
  10 orcs
  A ball python (D:4)
  8 giant cockroaches
  6 goblins
  8 hobgoblins
  12 kobolds
  2 quokkas
  8 bats
  7 giant newts
  3 quokka skeletons
  12 rats
107 creatures vanquished.

Notes
Turn   | Place    | Note
--------------------------------------------------------------
     0 | D:1      | Ladykiller69 the Formicid Fighter began the quest for the Orb.
     0 | D:1      | Reached XP level 1. HP: 18/18 MP: 1/1
   128 | D:1      | Reached XP level 2. HP: 24/24 MP: 2/2
   628 | D:2      | Reached XP level 3. HP: 20/29 MP: 3/3
  1038 | D:2      | Found a shimmering altar of Xom.
  1038 | D:2      | Found a blossoming altar of Fedhas.
  1228 | D:2      | Found a shadowy altar of Dithmenos.
  1271 | D:2      | Reached XP level 4. HP: 24/37 MP: 4/4
  1780 | D:2      | Reached skill level 4 in Shields
  2091 | D:3      | Reached XP level 5. HP: 42/42 MP: 5/5
  2098 | D:3      | Found a stormy altar of Qazlal.
  2953 | D:3      | Noticed a black bear
  3343 | D:4      | Found a sparkling altar of Nemelex Xobeh.
  3536 | D:4      | Noticed wvc's ghost (average DrWn)
  3868 | D:4      | Reached XP level 6. HP: 43/48 MP: 6/6
  4066 | D:4      | Found a sacrificial altar of Ru.
  4178 | D:5      | Entered Level 5 of the Dungeon
  4178 | D:5      | Found a burning altar of Makhleb.
  4178 | D:5      | Found Unill's Quality Used Wands.
  4178 | D:5      | Found a glowing golden altar of the Shining One.
  4337 | D:5      | Found a staircase to the Ecumenical Temple.
  4344 | D:5      | Noticed an ice beast
  4451 | Temple   | Entered the Ecumenical Temple
  4632 | D:5      | Found a runed door.
  4640 | D:5      | Reached skill level 5 in Axes
  4651 | D:5      | Found a runed door.
  4697 | D:6      | Reached skill level 5 in Shields
  4826 | D:5      | You fall through a shaft for 2 floors!
  5245 | D:7      | Reached XP level 7. HP: 51/54 MP: 7/7
  5276 | D:7      | Reached skill level 6 in Axes
  5554 | D:7      | Found Qadwog's Magic Scroll Boutique.
  5559 | D:7      | Bought a scroll of fear for 38 gold pieces
  5559 | D:7      | Bought a scroll of identify for 22 gold pieces
  5559 | D:7      | Bought a scroll of enchant armour for 82 gold pieces
  5559 | D:7      | Bought a scroll of identify for 22 gold pieces
  5559 | D:7      | Bought a scroll of magic mapping for 38 gold pieces
  5968 | D:8      | Noticed Joseph
  5994 | D:8      | Noticed Grum
  5994 | D:8      | Noticed a wolf
  5994 | D:8      | Noticed a wolf
  6011 | D:7      | Killed a wolf
  6034 | D:8      | Noticed Erica
  6086 | D:8      | HP: 2/54 [Joseph/uncursed quarterstaff of crushing (7)]
  6086 | D:8      | Slain by Joseph

Vault maps used:
D:1:      dpeg_cavernosity
D:2:      lemuel_crystal_altar, nicolae_overflow_hidden_temple
D:3:      nicolae_overflow_crystal_walls, minmay_crystal_room
D:4:      nemelex_deck, serial_co_window_serial, co_window_paths_a,
          co_window_corner_a, co_window_of_opportunity_a, co_window_paths_a,
          co_window_paths_a, co_window_paths_c, co_window_broadway_b,
          co_window_of_opportunity_c, co_window_broadway_a, co_window_sun,
          glass_columns_b, glass_columns_b, first_bread,
          hangedman_decor_peaks_small, nicolae_ru_path_of_blood
D:5:      lemuel_insect_pit, grunt_temple_overflow_open,
          minmay_temple_entry_purple_smoke, nrook_mini_backslash,
          minmay_misc_feat_more_columns, nicolae_for_you_no_charge
D:6:      hangedman_abyss_or_decor_stabs, minmay_misc_feat_chi, uniq_grinder
D:7:      serial_co_window_serial, co_window_paths_a, co_window_paths_a,
          co_window_corner_a, co_window_paths_a, co_window_paths_a,
          co_window_corner_cb, co_window_paths_c, co_window_corner_ca,
          co_window_unsneaky_path_b, co_window_broadway_b, co_window_sun,
          co_window_4corner_b, glass_columns_a, glass_columns_a,
          glass_columns_a, glass_columns_a, glass_columns_b, serial_shops,
          nicolae_shop_stone
D:8:      overflow_temple_1_default, serial_shops, shop, grunt_ogre_cave,
          uniq_joseph, uniq_erica, uniq_prince_ribbit1, uniq_grum
Temple:   eino_wide_crystal_templ_10

Action                   |  1- 3 |  4- 6 |  7- 9 || total
-------------------------+-------+-------+-------++-------
Melee: War axe           |   100 |   261 |    58 ||   419
 Abil: Dig               |     5 |     7 |     2 ||    14
  Use: Potion            |       |       |     1 ||     1
  Eat: Chunk             |     2 |    11 |     1 ||    14
       Fruit             |       |     2 |       ||     2
       Beef jerky        |       |       |     1 ||     1
